AoeStats
← mandalvarado

Golden Pit

509717985Analyzed
1v1 RM · 5d ago on Sep 27, 2026· 37m 27s· 2 players
Game mode
Random Map
Map size
Tiny (2 player)
Population
200
Speed
Normal
Resources
Standard
Victory
Conquest
Starting age
Dark Age
Ending age
Imperial Age
RankedLock teamsTeams togetherTeam positionsShared explorationLock speedFull tech treeHidden civsTurbo modeCheats
Victory
Defeat
🇮🇹 Persians · Italy
926
+16
🇨🇷 Huns · Costa Rica
920
-16
mandalvarado
2:36 Loom
12:52 Feudal Age
25:30 Castle Age
25:19 Stone Mining
28:10 Pikeman
alfredopgn93
4:52 Loom
7:01 Loom
9:16 Feudal Age
10:02 Double-Bit Axe
20:39 Castle Age
20:49 Scale Barding Armor
20:55 Forging
21:34 Gold Mining
28:32 Crossbowman
29:19 Thumb Ring
30:38 Padded Archer Armor
30:28 Fletching
34:07 Bow Saw
Connection lost

Rejoining the realm…

Still unreachable

The connection could not be restored.

Session expired

The server has moved on; the page needs a fresh start.